 Dungeon Crawl Stone Soup version 0.22-a0-460-g49b1da7 (webtiles) character file.

3 wazuzu the Twirler (level 1, -1/17 HPs)
             Began as a Gnoll Wanderer on June 9, 2018.
             Slain by a kobold (2 damage)
             ... on level 2 of the Dungeon.
             The game lasted 00:00:33 (85 turns).

wazuzu the Twirler (Gnoll Wanderer)                   Turns: 85, Time: 00:00:33

Health: -1/17      AC:  2    Str: 16    XL:     1   Next: 50%
Magic:  2/2        EV: 14    Int: 13    God:
Gold:   0          SH:  0    Dex: 13    Spells: 0/0 levels left

rFire    . . .     SeeInvis .   e - +0 whip (venom)
rCold    . . .     Gourm    .   (no shield)
rNeg     . . .     Faith    .   d - +0 robe
rPois    .         Spirit   .   (no helmet)
rElec    .         Reflect  .   (no cloak)
rCorr    .         Harm     .   (no gloves)
MR       .....                  (no boots)
Stlth    ++........             (no amulet)
HPRegen  0.05/turn              (no ring)
MPRegen  0.08/turn              (no ring)

@: no status effects
A: distributed training, fangs 1, strong nose
a: no special abilities


You were on level 2 of the Dungeon.
You were not hungry.

You visited 1 branch of the dungeon, and saw 2 of its levels.

Inventory:

Hand Weapons
 a - a +2 short sword
 b - a +0 quarterstaff
 e - a +0 whip of venom (weapon)
Armour
 d - a +0 robe (worn)
Potions
 c - a potion of curing
Comestibles
 f - 2 rations


   Skills:
 + Level 2.3 Fighting
 + Level 4.4 Short Blades
 + Level 0.0 Long Blades
 + Level 0.0 Axes
 + Level 0.0 Maces & Flails
 + Level 0.0 Polearms
 + Level 6.4 Staves
 + Level 0.0 Slings
 + Level 0.0 Bows
 + Level 0.0 Crossbows
 + Level 0.0 Throwing
 + Level 0.0 Armour
 + Level 4.4 Dodging
 + Level 2.1 Stealth
 + Level 0.0 Shields
 + Level 0.0 Unarmed Combat
 + Level 0.0 Spellcasting
 + Level 0.0 Conjurations
 + Level 0.0 Hexes
 + Level 0.0 Charms
 + Level 0.0 Summonings
 + Level 0.0 Necromancy
 + Level 0.0 Translocations
 + Level 0.0 Transmutations
 + Level 0.0 Fire Magic
 + Level 0.0 Ice Magic
 + Level 0.0 Air Magic
 + Level 0.0 Earth Magic
 + Level 0.0 Poison Magic
 + Level 0.1 Invocations
 + Level 2.3 Evocations


You couldn't memorise any spells.
You didn't know any spells.
Your spell library was empty.

Dungeon Overview and Level Annotations

Branches:
Dungeon (2/15)

Altars:
Elyvilon


Innate Abilities, Weirdness & Mutations

Your experience applies equally to all skills.
You have very sharp teeth.
Your uncanny sense of smell can sniff out nearby items.


Message History

Anything else - Cancel.
You bark for attention!
The kobold hits you. What are your orders? t - Bark!
Orders for allies: a - Attack new target. r - Retreat! s - Stop attacking. g - Guard the area. f - Follow me.
Anything else - Cancel.
You bark for attention!
The kobold closely misses you. The goblin completely misses you.
There are monsters nearby!
The kobold hits you. The goblin hits you with a dagger.
The goblin closely misses you. The kobold hits you.
* * * LOW HITPOINT WARNING * * *
The kobold closely misses you. The goblin hits you but does no damage.
The kobold barely misses you. The goblin hits you with a dagger.
* * * LOW HITPOINT WARNING * * *
The kobold hits you.
You die...

.. ###.###
#..##.....## #
#..#.......#.#
#..#.......#.#
##......_.....#
#...#.......#
#...#...g@..#∆
##...##...K.##
#<...####.####.[
#...)...........#
...................#
∆
#...#...############
#...###### #....
..b..


You could see a goblin and a kobold.

Vanquished Creatures
  A giant cockroach (D:1)
  A goblin (D:1)
  A rat (D:1)
3 creatures vanquished.

Notes
Turn   | Place    | Note
-------+----------+-------------------------------------------
     0 | D:1      | wazuzu the Gnoll Wanderer began the quest for the Orb.
     0 | D:1      | wazuzu set off with: a +2 short sword, a +0 quarterstaff, a potion of curing, a +0 robe, a ration
     0 | D:1      | Reached XP level 1. HP: 17/17 MP: 2/2
    75 | D:2      | Found a white marble altar of Elyvilon.
    85 | D:2      | Slain by a kobold

Vault maps used:
D:1:      dpeg_arrival_round_c, st_stairs_11, minmay_door_square
D:2:      old_standard_altar, serial_forest, infiniplex_forest_clump_long,
          infiniplex_forest_straight_4, infiniplex_forest_end_1,
          infiniplex_forest_clump_long, infiniplex_forest_clump_C,
          infiniplex_forest_fountain, okawaru_altar_gauntlet_db, uniq_robin,
          uniq_sigmund, uniq_jessica

Action                   || total
-------------------------++-------
Melee: Whip              ||    10
       Bite              ||     2
 Stab: Sleeping          ||     1
Dodge: Dodged            ||    14

Table legend:
 A = Spawn XP
 B = Non-spawn XP
 C = Spawn XP percentage of total XP
 D = Spawn monster count
 E = Non-spawn monster count
 F = Spawn count percentage of total count
 G = Total turns spent on level
                    A         B        C        D         E        F      G
               +---------+---------+-------+---------+---------+-------+---------
         Total |       0 |       5 |   0.0 |       0 |       3 |   0.0 |    85
               +---------+---------+-------+---------+---------+-------+---------
           D:1 |       0 |       5 |   0.0 |       0 |       3 |   0.0 |    67
               +---------+---------+-------+---------+---------+-------+---------
